 Dungeon Crawl Stone Soup version 0.26.1-11-gd32895ea62 (webtiles) character file.

Game seed: 10638094284076815621

1173 hawla the Conjurer (level 8, -2/61 HPs)
             Began as a Pale Draconian Conjurer on July 13, 2021.
             Was a Follower of Vehumet.
             Shot with an arrow by a centaur (7 damage)
             ... on level 5 of the Dungeon.
             The game lasted 00:11:53 (6591 turns).

hawla the Conjurer (Pale Draconian Conjurer)        Turns: 6591, Time: 00:11:54

Health: -2/61      AC: 11    Str: 10    XL:     8   Next: 18%
Magic:  1/13       EV: 12    Int: 21    God:    Vehumet [*.....]
Gold:   272        SH:  0    Dex:  9    Spells: 6/13 levels left

rFire    . . .     SeeInvis .   a - +0 dagger (venom)
rCold    . . .     Faith    .   (no shield)
rNeg     . . .     Spirit   .   (armour unavailable)
rPois    .         Reflect  .   (helmet restricted)
rElec    .         Harm     .   c - +1 cloak
rCorr    .         Rampage  .   k - +0 pair of gloves
Will     .....                  e - +1 pair of boots
Stlth    ++........             (no amulet)
HPRegen  0.20/turn              (no ring)
MPRegen  0.13/turn              r - ring of flight

@: lethally poisoned (-2 -> -3), invisible
A: breathe steam, unfitting armour, cold-blooded, AC +6
a: Breathe Steam, Renounce Religion, Evoke Flight


You were on level 5 of the Dungeon.
You worshipped Vehumet.
Vehumet was aware of your devotion.
You visited 2 branches of the dungeon, and saw 6 of its levels.

You collected 272 gold pieces.

Inventory:

Hand Weapons
 a - a +0 dagger of venom (weapon)
Missiles
 h - 3 poisoned darts (quivered)
 i - 7 boomerangs
Armour
 c - a +1 cloak (worn)
 e - a +1 pair of boots (worn)
 k - a +0 pair of gloves (worn)
Jewellery
 r - a ring of flight (right hand)
Wands
 l - a wand of acid (3)
Scrolls
 b - 8 scrolls of teleportation
 g - 5 scrolls of remove curse
 o - 2 scrolls of identify {unknown}
 p - a scroll of enchant weapon {unknown}
 t - a scroll of blinking {unknown}
Potions
 d - a potion of degeneration {unknown}
 j - a potion of brilliance {unknown}
 n - a potion of invisibility
 q - a potion of mutation {unknown}
 s - a potion of haste {unknown}


   Skills:
 + Level 2.0 Fighting
 + Level 2.7 Dodging
 + Level 2.3 Stealth
 + Level 3.3 Spellcasting
 + Level 7.5 Conjurations
 + Level 5.4 Translocations
 + Level 0.1 Fire Magic


You had 6 spell levels left.
You knew the following spells:

 Your Spells              Type           Power        Failure   Level
a - Magic Dart            Conj           100%         1%          1
b - Searing Ray           Conj           70%          1%          2
c - Iskenderun's Mystic   Conj/Tloc      30%          9%          4

Your spell library contained the following spells:

 Spells                   Type           Power        Failure   Level
 Foxfire                  Conj/Fire      76%          2%          1
 Dazzling Flash           Conj/Hex       38%          9%          3
 Fulminant Prism          Conj/Hex       9%           26%         4


Dungeon Overview and Level Annotations

Branches:
Dungeon (5/15)             Temple (1/1) D:5

Altars:
Ashenzari
Cheibriados
Dithmenos
Elyvilon
Fedhas
Gozag
Hepliaklqana
Kikubaaqudgha
Makhleb
Nemelex Xobeh
Okawaru
Qazlal
Ru
Sif Muna
Trog
Uskayaw
Vehumet
Wu Jian
Xom
Zin

Annotations:
D:4 2 transporters, cozkul's ghost, amateur MiFi


Innate Abilities, Weirdness & Mutations

You can breathe blasts of scalding, opaque steam.
Your pale cyan-grey scales are hard. (AC +6)
You cannot fit into any form of body armour.
You are cold-blooded and may be slowed by cold attacks.


Message History

The puff of frost hits you!
* * * LOW HITPOINT WARNING * * *
Casting: Iskenderun's Mystic Blast (dangerous; 9% risk of failure)
Confirm with . or Enter, or press ? or * to list all spells.
Aiming: Searing Ray (safe; 1% risk of failure)
Press: ? - help, Shift-Dir - straight line, f - white imp
Aim: a white imp (lightly wounded, 19% to evade)
The searing ray misses the white imp. (Press . to maintain the ray.)
The centaur shoots an arrow.
The arrow hits you!
* * * LOW HITPOINT WARNING * * *
The white imp gestures at you. The puff of frost hits you.
* * * LOW HITPOINT WARNING * * *
It was a potion of invisibility.
You fade into invisibility!
The centaur shoots an arrow.
The arrow completely misses you. The white imp gestures at you.
The puff of frost misses you.
The centaur shoots an arrow.
The arrow hits you!
You die...

.###......#........###
..#......####..##.##
..........###..#...####
....................#.###
..................##....##
..........###.#..........#
...........####............#
...........# #............#
#..#####..## #.@...........
#...# #####)5..........#
##.## ##..(..†........###
.....).........###
........(......#
.........†.....#
................
.......#†y..c.##
....?..#..#..>.#


You could see a centaur, a killer bee (wandering) and a white imp.

Vanquished Creatures
  A necrophage (D:5)
  A centaur (D:5)
  An ogre (D:4)
  Blork the orc (D:4)
  2 scorpions
  3 killer bees (D:5)
  3 hounds
  2 centaur skeletons
  An orc priest (D:4)
  4 orc wizards
  2 worker ants (D:4)
  2 iguanas (D:4)
  A howler monkey zombie (D:5)
  2 worker ant zombies (D:5)
  3 gnolls (D:5)
  6 adders
  A white imp (D:5)
  An ufetubus (D:5)
  3 oozes
  2 worms (D:4)
  6 leopard geckos
  11 orcs
  4 giant cockroaches
  9 goblins
  4 hobgoblins
  12 jackals
  6 kobolds
  2 quokkas
  8 bats
  7 frilled lizards
  A quokka zombie (D:5)
  6 rats
118 creatures vanquished.

Notes
Turn   | Place    | Note
-------+----------+-------------------------------------------
     0 | D:1      | hawla the Draconian Conjurer began the quest for the Orb.
     0 | D:1      | Reached XP level 1. HP: 14/14 MP: 3/3
   189 | D:1      | Reached XP level 2. HP: 22/22 MP: 0/5
   192 | D:1      | Learned a level 2 spell: Searing Ray
   413 | D:1      | Reached skill level 1 in Fighting
   507 | D:1      | Reached skill level 1 in Translocations
   626 | D:1      | Reached XP level 3. HP: 28/28 MP: 6/6
  1358 | D:2      | Found a blossoming altar of Fedhas.
  1872 | D:2      | Reached XP level 4. HP: 30/35 MP: 5/8
  1877 | D:2      | Learned a level 4 spell: Iskenderun's Mystic Blast
  2331 | D:3      | Found a shadowy altar of Dithmenos.
  2631 | D:3      | Found a hide-covered altar of Uskayaw.
  2631 | D:3      | Found an ornate altar of the Wu Jian Council.
  2631 | D:3      | Found a bloodstained altar of Trog.
  2959 | D:3      | Found a glowing silver altar of Zin.
  3254 | D:4      | Reached XP level 5. HP: 40/40 MP: 4/9
  3257 | D:4      | Reached skill level 5 in Conjurations
  4002 | D:4      | Reached XP level 6. HP: 41/47 MP: 10/10
  4065 | D:4      | Noticed Blork the orc
  4074 | D:4      | Killed Blork the orc
  4198 | D:4      | Reached skill level 6 in Conjurations
  4379 | D:4      | Found a transporter.
  4380 | D:4      | Noticed cozkul's ghost (amateur MiFi)
  4414 | D:4      | Found a transporter.
  4629 | D:4      | Your scales start taking on a pale cyan-grey colour.
  4629 | D:4      | Reached XP level 7. HP: 50/52 MP: 6/11
  5508 | D:5      | Entered Level 5 of the Dungeon
  5560 | D:5      | Reached skill level 7 in Conjurations
  5680 | D:5      | Found a staircase to the Ecumenical Temple.
  5710 | Temple   | Entered the Ecumenical Temple
  5871 | Temple   | Became a worshipper of Vehumet
  5884 | D:5      | Reached skill level 5 in Translocations
  6474 | D:5      | Reached XP level 8. HP: 55/61 MP: 1/12
  6571 | D:5      | Reached * piety under Vehumet
  6571 | D:5      | Offered knowledge of Foxfire by Vehumet.
  6591 | D:5      | Shot with an arrow by a centaur

Illustrated notes

Levels and vault maps discovered:
D:1:      sevenhm_arrival_forest_fort_large_4, layout_basic, minmay_tetromino_t2
D:2:      layout_basic, general_overflow_altar
D:3:      layout_rooms, nicolae_dithmenos_through_a_glass_darkly,
          grunt_temple_overflow_cloverleaf
D:4:      layout_basic, gammafunk_ghost_stat_death, kennysheep_potato,
          uniq_blork_the_orc
D:5:      layout_cave_pools, minmay_temple_entry_slanted, uniq_sigmund
Temple:   eino_narrow_crystal_temple

Skill      XL: |  1  2  3  4  5  6  7  8 |
---------------+-------------------------+-----
Fighting       | 1 2 |  2.0
Translocations | 1 2 3 4 5 |  5.4
Spellcasting   | 3 |  3.3
Conjurations   | 5 6 7 |  7.5
Dodging        | 2 |  2.7
Stealth        | 2 |  2.3
Fire Magic     | |  0.1

Action                   |  1- 3 |  4- 6 |  7- 9 || total
-------------------------+-------+-------+-------++-------
Melee: Unarmed           |    32 |       |       ||    32
       Tailslap          |     3 |    12 |    15 ||    30
       Dagger            |    63 |   114 |   149 ||   326
Throw: Dart              |       |     2 |       ||     2
 Cast: Magic Dart        |    12 |     4 |     5 ||    21
       Searing Ray       |    12 |     5 |     7 ||    24
       Iskenderun's Myst |       |     8 |    13 ||    21
Evoke: Wand              |       |     2 |       ||     2
  Use: Scroll            |     2 |     3 |     3 ||     8
       Potion            |       |       |     1 ||     1
 Stab: Sleeping          |     2 |       |     1 ||     3
Armor: Skin              |    43 |    45 |    71 ||   159
Dodge: Dodged            |    82 |    93 |   132 ||   307
